 Dungeon Crawl Stone Soup version 0.30.0-29-ga12c61a403 (webtiles) character file.

Game seed: 9267039430639532280

11895 monsoonserge the Blocker (level 11, -2/84 (96) HPs)
             Began as a Gargoyle Reaver on June 8, 2023.
             Was a High Priest of Okawaru.
             Slain by a two-headed ogre
             ... wielding a +0 giant spiked club
              (20 damage)
             ... on level 11 of the Dungeon.
             The game lasted 00:48:27 (10669 turns).

monsoonserge the Blocker (Gargoyle Reaver)         Turns: 10669, Time: 00:48:28

HP:   -2/84 (96)    AC: 25    Str: 18    XL:     11   Next: 84%
MP:   10/15         EV:  2    Int: 16    God:    Okawaru [*****.]
Gold: 355           SH: 12    Dex: 12    Spells: 4/16 levels left

rFire   . . .        P - +4 morningstar
rCold   . . .        b - +0 buckler
rNeg    + . .        V - melded +1 ring mail {Will+}
rPois   ∞            F - melded +1 hat {Will+}
rElec   .            g - melded +1 cloak
rCorr   +            (gloves currently unavailable)
SInv    .            H - melded +0 pair of boots
Will    .....        y - amulet of reflection
Stlth   ++++         d - +5 ring of evasion
HPRegen 0.34/turn    W - ring of Fodeac {rCorr Dex+4 Stlth+}
MPRegen 0.14/turn

%: reflection
@: tree-form, heroic, heavily drained
A: stationary, stasis, torment immunity, boosted hp, sickness immunity, AC +8,
negative energy resistance 1, (electricity resistance), torment resistance 1,
petrification resistance
a: Renounce Religion, Heroism, Finesse, Duel


You were on level 11 of the Dungeon.
You worshipped Okawaru.
Okawaru was extremely pleased with you.
You were a tree.
You visited 3 branches of the dungeon, and saw 13 of its levels.

You collected 570 gold pieces.
You spent 215 gold pieces at shops.

Inventory:

Hand Weapons
 s - a +1 flail of draining
 u - a +2 whip of flaming
 x - a +1 hand axe of flaming
 J - a +4 war axe
 P - a +4 morningstar (weapon)
 Q - a +4 mace of freezing
Missiles
 o - 2 throwing nets
 A - 16 poisoned darts (quivered)
 D - 13 boomerangs
 S - 4 atropa-tipped darts
Armour
 b - a +0 buckler (worn)
 g - a +1 cloak (melded)
 j - a +0 plate armour
 F - a +1 hat of willpower (melded)
 H - a +0 pair of boots (melded)
 V - a +1 ring mail of willpower (melded)
Magical Staves
 a - a staff of fire
 I - a staff of poison
Jewellery
 d - a +5 ring of evasion (left branch)
 h - a ring of willpower
 q - a ring of positive energy
 t - an amulet of guardian spirit
 y - an amulet of reflection (around neck)
 z - a ring of see invisible
 W - the ring of Fodeac (right branch) {rCorr Dex+4 Stlth+}
   (You bought it in a shop on level 8 of the Dungeon)

   [ring of resist corrosion]

   Dex:       It affects your dexterity (+4).
   rCorr:     It protects you from acid and corrosion.
   Stlth:     It makes you more stealthy.
 X - a ring of ice
Wands
 Y - a wand of iceblast (3)
Scrolls
 c - 9 scrolls of teleportation {unknown}
 e - 6 scrolls of identify {unknown}
 i - 2 scrolls of enchant weapon {unknown}
 r - a scroll of enchant armour {unknown}
 v - 3 scrolls of fog {unknown}
 B - 3 scrolls of torment {unknown}
 L - a scroll of immolation {unknown}
 M - 2 scrolls of vulnerability {unknown}
 O - a scroll of fear {unknown}
 U - a scroll of blinking {unknown}
Potions
 f - 4 potions of haste
 k - 4 potions of attraction {unknown}
 l - a potion of invisibility {unknown}
 m - a potion of lignification
 n - 4 potions of brilliance
 p - a potion of resistance {unknown}
 w - 6 potions of curing
 C - 3 potions of cancellation {unknown}
 E - a potion of berserk rage {unknown}
 G - 3 potions of heal wounds {unknown}
 K - 2 potions of degeneration {unknown}
 N - a potion of magic {unknown}
 R - a potion of ambrosia {unknown}
 T - 2 potions of mutation {unknown}
 Z - a potion of might


   Skills:
 + Level 6.1(11.1) Fighting
 + Level 5.5(12.6) Axes
 + Level 8.8(14.7) Maces & Flails
 + Level 0.8(5.8) Throwing
 * Level 4.5(9.5) Armour
 + Level 4.9(9.9) Dodging
 + Level 1.0(6.0) Stealth
 + Level 9.0(14.0) Shields
 + Level 3.0 Spellcasting
 * Level 8.6 Conjurations
 - Level 3.0 Hexes
 - Level 1.0 Necromancy
 - Level 1.0 Translocations
 * Level 3.9 Invocations


You had 4 spell levels left.
You knew the following spells:

 Your Spells              Type           Power      Damage    Failure   Level
a - Kiss of Death         Conj/Necr      68%        2d10      3%          1
b - Momentum Strike       Conj/Tloc      34%        3d8       4%          2
c - Searing Ray           Conj           60%        2d6       1%          2
d - Dazzling Flash        Conj/Hex       42%        N/A       6%          3
e - Fulminant Prism       Conj/Hex       10%        3d8       19%         4

Your spell library contained the following spells:

 Spells                   Type           Power      Damage    Failure   Level
 Magic Dart               Conj           100%       1d8       1%          1
 Hailstorm                Conj/Ice       16%        3d6       11%         3
 Apportation              Tloc           10%        N/A       14%         1
 Necrotise                Necr           20%        1d5       14%         1
 Passage of Golubria      Tloc           5%         N/A       80%         4
 Silence                  Hex/Air        3%         N/A       97%         5
 Yara's Violent Unravell  Hex/Tmut       3%         3d4       97%         5
 Agony                    Necr           5%         N/A       98%         5
 Tukima's Dance           Hex            Unusable   N/A       N/A         3
 Summon Small Mammal      Summ           Unusable   N/A       N/A         1

Dungeon Overview and Level Annotations

Branches:
Dungeon (11/15)            Temple (1/1) D:5            Lair (1/5) D:9
    Orc (0/2) D:9

Altars:
Ashenzari
Cheibriados
Dithmenos
Elyvilon
Fedhas
Gozag
Hepliaklqana
Kikubaaqudgha
Makhleb
Nemelex Xobeh
Okawaru
Qazlal
Ru
Sif Muna
Trog
Uskayaw
Vehumet
Wu Jian
Xom
Yredelemnul
Zin
The Shining One

Shops:
D:2 !   D:4 *   D:8 !*   D:10 =

Portals:
Abyss: D:4

Annotations:
D:4 2 transporters, seaoflcl's ghost, amateur MiFi
D:5 need rF


Innate Abilities, Weirdness & Mutations

You are a tree.
Your roots penetrate the ground, keeping you stationary.
You cannot be teleported.
You are immune to unholy pain and torment.
Your maximum health is greatly increased.
Your equipment is partially melded.
You are immune to sickness and miasma.
((Your stone body is resilient. (AC +8)))
You are immune to poison.
You resist negative energy. (rN+)
((You are resistant to electric shocks. (rElec)))
You are resistant to unholy torment.
You are immune to petrification.


Message History

You block the centaur warrior simulacrum's attack.
You block the two-headed ogre's attack. x2
You barely miss the centaur warrior simulacrum.
The centaur warrior simulacrum is heavily damaged.
You block the centaur warrior simulacrum's attack. x2
You thump the centaur warrior simulacrum!
The centaur warrior simulacrum is almost destroyed.
You block the centaur warrior simulacrum's attack. x2
The two-headed ogre hits you with a +0 giant spiked club!
You block the two-headed ogre's attack.
You puncture the centaur warrior simulacrum!
The centaur warrior simulacrum vaporises!
Okawaru accepts your kill.
You barely miss the two-headed ogre.
The two-headed ogre is moderately wounded.
The two-headed ogre hits you with a +0 giant spiked club!
* * * LOW HITPOINT WARNING * * *
You block the two-headed ogre's attack.
Casting: Kiss of Death (safe; 4% risk of failure)
Confirm with . or Enter, or press ? or * to list all spells.
Casting: Dazzling Flash (dangerous; 10% risk of failure)
Press: ? - help, Dir - look around, f - activate Look: a two-headed ogre, wielding a +0 giant spiked club and a +0 giant club (moderately wounded, lightly drained, chance to dazzle: 45%) Unknown command.
Casting: Dazzling Flash (dangerous; 10% risk of failure)
Confirm with . or Enter, or press ? or * to list all spells.
Casting: Dazzling Flash (dangerous; 10% risk of failure)
Press: ? - help, Dir - look around, f - activate
Okay, then.
Okay, then.
Really quaff the potion of lignification?
You turn into a tree.
Your +1 cloak melds into your body.
Your +1 hat of willpower melds into your body.
Your +0 pair of boots melds into your body.
Your +1 ring mail of willpower melds into your body.
You feel less strong-willed. x2; Your roots penetrate the ground.
The two-headed ogre hits you with a +0 giant spiked club.
* * * LOW HITPOINT WARNING * * *
The two-headed ogre hits you with a +0 giant club!!
You die...

. .........# .. ..
.........#####'# #..
................ #..
................######..
................#.......
................#..<....
.......°O.......#.......
.......♣........###...>.
...........#.... #.....
...........# . #.....
...........# #.....
###..8.....########.....
.......................
..............)......###
..................####..
.................#†....


You could see a two-headed ogre (drained).

Vanquished Creatures
  3 two-headed ogres
  Pikel (D:8)
  A cyclops (D:7)
  A manticore (D:7)
  Joseph (D:7)
  2 trolls (D:10)
  A hornet (D:10)
  A centaur simulacrum (D:11)
  2 wraiths
  14 yaks
  A water elemental (D:11)
  A basilisk (D:7)
  4 vampire mosquitoes
  3 wyverns
  4 steam dragons
  Edmund (D:4)
  A water moccasin (D:9)
  A black bear (D:7)
  An ice beast (D:7)
  An orc warrior (D:9)
  5 centaurs
  An ogre (D:7)
  A kobold brigand (D:11)
  3 lemures (D:7)
  2 bullfrogs (D:7)
  3 scorpions
  11 wights
  20 killer bees
  2 howler monkeys (D:9)
  3 jellies
  5 orc priests
  3 hounds
  Crazy Yiuf (D:2)
  2 gnoll boudas
  Jessica (D:2)
  3 orc wizards
  Natasha (thrice) (D:2)
  2 iguanas
  7 adders
  13 gnolls
  2 shadow imps
  2 ufetubi
  3 worms
  6 dart slugs
  28 orcs
  4 bats
  5 endoplasms
  2 giant cockroaches
  10 goblins
  8 hobgoblins
  13 kobolds
  2 quokkas
  5 ball pythons
  3 frilled lizards
  4 rats
  2 rat zombies (D:4)
235 creatures vanquished.

Vanquished Creatures (others)
  A kobold (D:11)
1 creature vanquished.

Grand Total: 236 creatures vanquished

Notes
Turn   | Place    | Note
-------+----------+-------------------------------------------
     0 | D:1      | monsoonserge the Gargoyle Reaver began the quest for the
                  | Orb.
     0 | D:1      | Reached XP level 1. HP: 12/12 MP: 3/3
    76 | D:1      | Reached XP level 2. HP: 10/17 MP: 5/5
    84 | D:1      | Learned a level 2 spell: Momentum Strike
   666 | D:2      | Reached XP level 3. HP: 21/21 MP: 6/6
   668 | D:2      | Reached skill level 1 in Armour
   775 | D:2      | Noticed Natasha
   784 | D:2      | Killed Natasha
   784 | D:2      | Noticed Natasha
   785 | D:2      | Reached XP level 4. HP: 22/26 MP: 5/7
   797 | D:2      | Killed Natasha
   902 | D:2      | Noticed Natasha
   913 | D:2      | Killed Natasha
  1013 | D:2      | Found a runed translucent door.
  1014 | D:2      | Noticed Crazy Yiuf
  1084 | D:2      | Found Befaisch's Distillery.
  1084 | D:2      | Noticed Jessica
  1088 | D:2      | Killed Jessica
  1089 | D:2      | Reached skill level 1 in Necromancy
  1089 | D:2      | Reached XP level 5. HP: 13/16 MP: 6/8
  1095 | D:2      | Bought a potion of lignification for 42 gold pieces
  1372 | D:3      | Found a bloodstained altar of Trog.
  1663 | D:3      | Found a sparkling altar of Nemelex Xobeh.
  1951 | D:3      | Found a sacrificial altar of Ru.
  1995 | D:3      | Learned a level 2 spell: Searing Ray
  2114 | D:3      | Reached skill level 1 in Translocations
  2211 | D:3      | Reached skill level 1 in Shields
  2278 | D:3      | Reached XP level 6. HP: 29/29 MP: 9/9
  2449 | D:3      | Reached skill level 1 in Axes
  2537 | D:4      | Reached skill level 2 in Shields
  2617 | D:4      | Found an opulent altar of Gozag.
  2617 | D:4      | Found Gozag's Platinum Reserve.
  2701 | D:4      | Noticed Edmund
  2725 | D:4      | Killed Edmund
  2726 | D:4      | Reached XP level 7. HP: 13/41 MP: 5/10
  2848 | D:4      | Found a one-way gate to the infinite horrors of the Abyss.
  2848 | D:4      | Noticed seaoflcl's ghost (amateur MiFi)
  2850 | D:4      | Found a transporter.
  2886 | D:4      | Found a transporter.
  3166 | D:4      | Reached skill level 3 in Shields
  3906 | D:4      | Found an ancient bone altar of Kikubaaqudgha.
  4066 | D:2      | Killed Crazy Yiuf
  4212 | D:5      | Entered Level 5 of the Dungeon
  4411 | D:5      | Found a shadowy altar of Dithmenos.
  4484 | D:5      | Reached skill level 5 in Maces & Flails
  4484 | D:5      | Reached skill level 1 in Stealth
  4703 | D:5      | Found a staircase to the Ecumenical Temple.
  4709 | Temple   | Entered the Ecumenical Temple
  4801 | D:5      | Reached XP level 8. HP: 46/46 MP: 11/11
  5001 | D:6      | Reached skill level 4 in Shields
  5659 | D:7      | Noticed Joseph
  5675 | D:7      | Killed Joseph
  5676 | D:7      | Reached skill level 5 in Conjurations
  5890 | D:7      | Reached skill level 5 in Shields
  5890 | D:7      | Reached XP level 9. HP: 30/52 MP: 2/12
  5895 | D:7      | Reached skill level 5 in Axes
  6061 | D:7      | Noticed a two-headed ogre
  6263 | D:7      | Learned a level 3 spell: Dazzling Flash
  6270 | D:7      | Found an iron altar of Okawaru.
  6277 | D:7      | Became a worshipper of Warmaster Okawaru
  6375 | D:7      | Noticed a manticore
  6376 | D:7      | Noticed a two-headed ogre
  6393 | D:7      | Killed a manticore
  6393 | D:7      | Reached * piety under Okawaru
  6394 | D:7      | Reached skill level 6 in Shields
  6394 | D:7      | Reached skill level 1 in Hexes
  6398 | D:7      | Killed a two-headed ogre
  6399 | D:7      | Reached skill level 1 in Invocations
  6399 | D:7      | Reached XP level 10. HP: 27/58 MP: 9/13
  6594 | D:7      | Found a basalt altar of Yredelemnul.
  6624 | D:7      | Reached skill level 7 in Shields
  6833 | D:7      | Killed a two-headed ogre
  6833 | D:7      | Reached ** piety under Okawaru
  6834 | D:7      | Reached skill level 5 in Fighting
  7214 | D:7      | Noticed a cyclops
  7241 | D:7      | Killed a cyclops
  7412 | D:7      | Reached *** piety under Okawaru
  7760 | D:8      | Learned a level 4 spell: Fulminant Prism
  7764 | D:8      | Found Focsaosk's Assorted Antiques.
  7802 | D:8      | Bought a vibrating brass ring for 125 gold pieces
  7802 | D:8      | Identified the ring of Fodeac {rCorr Dex+4 Stlth+} (You
                  | bought it in a shop on level 8 of the Dungeon)
  8050 | D:8      | Reached skill level 8 in Shields
  8147 | D:8      | Reached **** piety under Okawaru
  8161 | D:8      | Reached XP level 11. HP: 54/64 MP: 14/14
  8247 | D:8      | Noticed Pikel
  8321 | D:8      | Killed Pikel
  8420 | D:8      | Found Taatol's Distillery.
  8427 | D:8      | Bought a potion of might for 48 gold pieces
  8615 | D:9      | Found a burning altar of Makhleb.
  8888 | D:9      | Found a staircase to the Orcish Mines.
  9126 | D:9      | Found a staircase to the Lair.
  9262 | D:9      | Found a glowing silver altar of Zin.
  9320 | D:9      | Noticed a two-headed ogre
  9326 | D:9      | Killed a two-headed ogre
  9326 | D:9      | Reached ***** piety under Okawaru
  9493 | D:10     | Entered Level 10 of the Dungeon
  9819 | Lair:1   | Entered Level 1 of the Lair of Beasts
  9947 | D:10     | Received a gift from Okawaru
 10340 | D:10     | Found Zeabenis's Jewellery Shop.
 10572 | D:11     | Reached skill level 9 in Shields
 10656 | D:11     | Noticed a two-headed ogre
 10669 | D:11     | Slain by a two-headed ogre

Illustrated notes

Levels and vault maps discovered:
D:1:      lightli_arrival_flooded_house, layout_basic, minmay_strange_pillars,
          serial_bayou_ford_a
D:2:      layout_rooms, serial_shops, shop, kennysheep_generic_room_8,
          uniq_natasha, uniq_jessica, uniq_crazy_yiuf_cottage
D:3:      minmay_diamond_boxcup, layout_basic, mainiacjoe_overflow_24_doors,
          lemuel_crystal_altar, mainiacjoe_overflow_tiny_flanked
D:4:      layout_layer_cave, nicolae_gozag_zags_fifth_avenue,
          lemuel_zombie_altar_kikubaaqudgha, gammafunk_ghost_abyssal_escape,
          corexii_checkpoint_a, fountainhead, uniq_edmund
D:5:      layout_cave_pools, mainiacjoe_overflow_paths,
          minmay_temple_entry_enclosed_plants, lemuel_flame_loot_1
D:6:      layout_layer_cave, minmay_misc_feat_five, grunt_decor_cap
D:7:      layout_layer_cave, mainiacjoe_overflow_cross_hatched, okawaru_trees_1,
          minivault_22, minmay_shattered_shrine, uniq_joseph
D:8:      layout_loops_cross, serial_shops, nicolae_stop_n_shop_2, shop,
          uniq_pikel
D:9:      layout_roguey, bloody_makhleb, lemuel_doored_altar, lair_entry_dummy,
          hiddenorc1_lemuel
D:10:     layout_rooms, serial_shops, shop
D:11:     layout_irregular_city, serial_ice, serial_ice_j, serial_ice_f,
          serial_ice_o, serial_ice_b, portal_ice_cave_entry_ice_simulacra,
          uniq_psyche
Temple:   nicolae_temple_no_exploring_needed
Lair:1:   layout_regular_city, kennysheep_snail_temple

Skill      XL: |  1  2  3  4  5  6  7  8  9 10 11 |
---------------+----------------------------------+-----
Armour         | 1 2 3 4 |  4.5
Maces & Flails | 4 5 7 8 |  8.8
Necromancy     | 1 |  1.0
Dodging        | 2 3 4 |  4.9
Translocations | 1 |  1.0
Shields        | 1 2 3 5 6 8 9 |  9.0
Axes           | 2 4 5 |  5.5
Conjurations   | 4 5 6 8 |  8.6
Fighting       | 3 4 5 6 |  6.1
Stealth        | 1 |  1.0
Hexes          | 1 2 3 |  3.0
Invocations    | 1 2 3 |  3.9
Spellcasting   | 3 |  3.0
Throwing       | |  0.8

Action                     |  1- 3 |  4- 6 |  7- 9 | 10-12 || total
---------------------------+-------+-------+-------+-------++-------
  Melee: Mace              |    78 |   150 |       |       ||   228
         Hand axe          |       |    87 |       |       ||    87
         Flail             |       |       |   107 |       ||   107
         War axe           |       |       |   116 |       ||   116
         Morningstar       |       |       |    21 |   478 ||   499
  Throw: Dart              |       |     3 |     1 |       ||     4
         Boomerang         |       |       |     2 |       ||     2
   Cast: Kiss of Death     |     1 |     6 |     6 |    10 ||    23
         Searing Ray       |       |     1 |     2 |       ||     3
         Momentum Strike   |       |       |     2 |     4 ||     6
         Dazzling Flash    |       |       |       |     1 ||     1
 Invoke: Heroism           |       |       |       |     1 ||     1
    Use: Potion            |       |       |     2 |     1 ||     3
   Stab: Sleeping          |       |     1 |     1 |       ||     2
 Armour: Leather armour    |    23 |    30 |       |       ||    53
         Robe              |       |    46 |    65 |    18 ||   129
         Ring mail         |       |       |       |   116 ||   116
  Dodge: Dodged            |    69 |   196 |   217 |   321 ||   803
  Block: Buckler           |       |    35 |   145 |   299 ||   479
         Reflection        |       |       |     3 |     8 ||    11
